 Dungeon Crawl Stone Soup version 0.23.2-1-ga50397a6bc (webtiles) character file.

Game seed: 10176462968139982843

172 Freyura the Cudgeler (level 5, -5/33 HPs)
             Began as a Gargoyle Fighter on May 18, 2019.
             Slain by an ogre
             ... wielding a +0 giant club
              (18 damage)
             ... on level 4 of the Dungeon.
             The game lasted 00:05:31 (2289 turns).

Freyura the Cudgeler (Gargoyle Fighter)             Turns: 2289, Time: 00:05:32

Health: -5/33      AC: 12    Str: 25    XL:     5   Next: 53%
Magic:  5/5        EV:  7    Int:  8    God:
Gold:   141        SH: 10    Dex: 10    Spells: 4/4 levels left

rFire    . . .     SeeInvis .   a - +0 flail
rCold    . . .     Gourm    .   c - +0 shield
rNeg     + . .     Faith    .   b - +0 scale mail
rPois    ∞         Spirit   .   (no helmet)
rElec    +         Reflect  .   (no cloak)
rCorr    .         Harm     .   p - +0 pair of gloves
MR       .....                  (no boots)
Stlth    ..........             (no amulet)
HPRegen  0.11/turn              g - ring of poison resistance (curse)
MPRegen  0.09/turn              (no ring)

@: mighty
A: negative energy resistance 1, electricity resistance, unbreathing,
petrification resistance, rot immunity, AC +4
a: no special abilities


You were on level 4 of the Dungeon.
You were not hungry.

You visited 1 branch of the dungeon, and saw 4 of its levels.

You collected 141 gold pieces.

Inventory:

Hand Weapons
 a - a +0 flail (weapon)
Armour
 b - a +0 scale mail (worn)
 c - a +0 shield (worn)
 p - a +0 pair of gloves (worn)
Jewellery
 g - a cursed ring of poison resistance (left hand)
 v - an uncursed ring of fire
Scrolls
 h - 3 scrolls of blinking
 j - a scroll of identify
 l - 4 scrolls of teleportation {unknown}
 q - 2 scrolls of amnesia {unknown}
 r - a scroll of immolation {unknown}
 s - 2 scrolls of remove curse {unknown}
 u - 2 scrolls of enchant armour {unknown}
Potions
 d - a potion of might
 i - a potion of flight
 k - a potion of cancellation {unknown}
 m - a potion of heal wounds {unknown}
 n - 3 potions of lignification
 o - a potion of mutation {unknown}
 t - 2 potions of magic
Comestibles
 f - 4 rations


   Skills:
 + Level 3.8 Fighting
 * Level 4.1 Maces & Flails
 + Level 4.0 Armour
 + Level 0.4 Dodging
 + Level 4.0 Shields


You had 4 spell levels left.
You didn't know any spells.
Your spell library was empty.

Dungeon Overview and Level Annotations

Branches:
Dungeon (4/15)
 Temple: D:4-7

Altars:
Sif Muna


Innate Abilities, Weirdness & Mutations

You are resistant to torment.
Your stone body is resilient. (AC +4)
You are immune to poison.
You resist negative energy. (rN+)
You are resistant to electric shocks. (rElec)
You can survive without breathing.
You are immune to petrification.
You are immune to rotting.


Message History

There is a stone staircase leading up here.
You feel very mighty all of a sudden.
The worker ant twitches its antennae in your direction.
You block the leopard gecko's attack. The leopard gecko bites you.
You sock the ogre!
The ogre is moderately wounded.
The leopard gecko bites you but does no damage. x2
The ogre hits you with a +0 giant club! The leopard gecko bites you.
The leopard gecko hisses menacingly.
The leopard gecko barely misses you.
You hit the ogre.
The ogre is heavily wounded.
The ogre hits you with a +0 giant club.
You block the leopard gecko's attack. x2
Your shield and scale mail prevent you from hitting the ogre.
The ogre is heavily wounded.
The leopard gecko bites you but does no damage.
The leopard gecko completely misses you.
The ogre hits you with a +0 giant club!!
Ouch! That really hurt!
You die...

......#
......#
.......
.......
.......
....#
##lw..##.
#@Oo.....
##la.....
.......
.......
.......
....##.
....#
.....


You could see an ogre, a worm, a worker ant, an orc and 2 leopard geckos.

Vanquished Creatures
  A hound (D:3)
  An orc priest (D:3)
  An orc wizard (D:3)
  A worker ant (D:3)
  An adder (D:3)
  A worm (D:3)
  5 leopard geckos
  2 orcs (D:3)
  A ball python (D:2)
  3 bats
  A giant cockroach (D:2)
  7 goblins
  6 hobgoblins
  A quokka (D:3)
  5 frilled lizards
  5 kobolds
  2 rats (D:1)
44 creatures vanquished.

Notes
Turn   | Place    | Note
-------+----------+-------------------------------------------
     0 | D:1      | Freyura the Gargoyle Fighter began the quest for the Orb.
     0 | D:1      | Reached XP level 1. HP: 14/14 MP: 1/1
   151 | D:1      | Reached XP level 2. HP: 19/19 MP: 2/2
  1037 | D:2      | Found a deep blue altar of Sif Muna.
  1095 | D:2      | Reached XP level 3. HP: 23/23 MP: 3/3
  1813 | D:3      | Reached XP level 4. HP: 15/28 MP: 4/4
  2023 | D:3      | Found a deep blue altar of Sif Muna.
  2049 | D:3      | Reached XP level 5. HP: 33/33 MP: 5/5
  2253 | D:4      | Noticed an ogre
  2289 | D:4      | Slain by an ogre

Skill      XL: |  1  2  3  4  5 |
---------------+----------------+-----
Maces & Flails | 3 4 |  4.1
Armour         | 4 |  4.0
Shields        | 4 |  4.0
Fighting       | |  3.8
Dodging        | |  0.4

Action                   |  1- 3 |  4- 6 || total
-------------------------+-------+-------++-------
Melee: Flail             |   115 |    48 ||   163
  Use: Scroll            |       |     5 ||     5
       Potion            |       |     1 ||     1
  Eat: Ration            |     1 |       ||     1
       Chunk             |     1 |       ||     1
Armor: Scale mail        |    58 |    40 ||    98
Dodge: Dodged            |    42 |    23 ||    65
Block: Shield            |    58 |    35 ||    93
